 Dungeon Crawl Stone Soup version 0.26-a0-812-g31a745ddcd (webtiles) character file.

Game seed: 7337575162090286649

1145 MalarOregon the Shooter (level 8, -1/67 HPs)
             Began as a Black Draconian Hunter on Nov 22, 2020.
             Was an Initiate of Gozag.
             Killed themself with a bounced orb of electricity (7 damage)
             ... on level 6 of the Dungeon on Nov 25, 2020.
             The game lasted 00:12:44 (5784 turns).

MalarOregon the Shooter (Black Draconian Hunter)    Turns: 5784, Time: 00:12:45

Health: -1/67      AC:  7    Str: 17    XL:     8   Next: 15%
Magic:  8/8        EV: 13    Int: 17    God:    Gozag
Gold:   68         SH:  0    Dex: 12    Spells: 7/7 levels left

rFire    . . .     SeeInvis .   a - +1 shortbow
rCold    . . .     Faith    .   (shield currently unavailable)
rNeg     . . .     Spirit   .   (armour unavailable)
rPois    .         Reflect  .   (helmet restricted)
rElec    +         Harm     .   (no cloak)
rCorr    .         Rampage  .   (no gloves)
MR       +....                  m - +0 pair of boots
Stlth    +.........             (no amulet)
HPRegen  0.21/turn              l - ring of protection from magic
MPRegen  0.11/turn              k - +6 ring of intelligence

@: drained
A: breathe lightning, unfitting armour, electricity resistance, cold-blooded, AC
+6
a: Breathe Lightning, Potion Petition, Call Merchant, Bribe Branch, Renounce
Religion


You were on level 6 of the Dungeon.
You worshipped Gozag.
Gozag was noncommittal.
You visited 2 branches of the dungeon, and saw 7 of its levels.

You collected 209 gold pieces.
You spent 72 gold pieces at shops.
You paid 69 gold pieces to Gozag.

Inventory:

Hand Weapons
 a - a +1 shortbow (weapon)
 v - a +0 hunting sling
   (You found it on level 1 of the Dungeon)
 x - a +2 quarterstaff of chaos
   (You took it off Crazy Yiuf on level 5 of the Dungeon)
Missiles
 c - 27 arrows (quivered)
 h - 153 stones
 p - 28 bolts
 t - 13 sling bullets
Armour
 m - a +0 pair of boots (worn)
   (You found it on level 2 of the Dungeon)
 w - a +0 cloak
   (You took it off Crazy Yiuf on level 5 of the Dungeon)
Jewellery
 k - a +6 ring of intelligence (right hand)
   (You found it on level 1 of the Dungeon)
 l - a ring of protection from magic (left hand)
   (You found it on level 4 of the Dungeon)
Wands
 u - a wand of paralysis (8)
   (You took it off an orc warrior on level 6 of the Dungeon)
Scrolls
 b - 2 scrolls of enchant weapon {unknown}
 e - a scroll of noise {unknown}
 f - a scroll of blinking {unknown}
 g - 6 scrolls of identify {unknown}
 j - 2 scrolls of remove curse {unknown}
 q - 3 scrolls of enchant armour {unknown}
Potions
 d - 2 potions of curing {@q1}
 i - 3 potions of invisibility {unknown}
 n - a potion of heal wounds {unknown}
 o - 3 potions of attraction {unknown}
 r - a potion of ambrosia {unknown}
 s - 2 potions of lignification {!q}


   Skills:
 + Level 4.9(3.8) Fighting
 + Level 3.0(2.7) Slings
 * Level 6.4(5.3) Bows
 + Level 3.2(2.8) Throwing
 + Level 4.0(3.0) Dodging
 - Level 0.8(0.0) Stealth


You had 7 spell levels left.
You didn't know any spells.
Your spell library was empty.

Dungeon Overview and Level Annotations

Branches:
Dungeon (6/15)             Temple (1/1) D:5

Altars:
Ashenzari
Cheibriados
Dithmenos
Elyvilon
Fedhas
Gozag
Hepliaklqana
Kikubaaqudgha
Makhleb
Nemelex Xobeh
Qazlal
Ru
Sif Muna
Uskayaw
Vehumet
Wu Jian
Xom
Yredelemnul
Zin
The Shining One

Shops:
D:4 !


Innate Abilities, Weirdness & Mutations

You can breathe wild blasts of lightning.
Your glossy black scales are hard. (AC +6)
You cannot fit into any form of body armour.
You are resistant to electric shocks. (rElec)
You are cold-blooded and may be slowed by cold attacks.


Message History

Menkaure, Prince of Dust comes into view.
You breathe a wild blast of lightning!
You hear a mighty clap of thunder!
Menkaure casts a spell.
Menkaure seems to speed up.
You shoot an arrow. The arrow hits Menkaure.
You shoot an arrow. The arrow barely misses Menkaure.
Menkaure closely misses you.
You shoot an arrow. The arrow completely misses Menkaure.
Menkaure hits you!
You shoot an arrow. The arrow hits Menkaure.
Menkaure hits you but does no damage. Menkaure hits you!
You shoot an arrow. The arrow hits Menkaure.
Menkaure closely misses you.
You shoot an arrow. The arrow hits Menkaure.
Menkaure calls on the powers of darkness!
Your body is wracked with pain!
* * * LOW HITPOINT WARNING * * *
Firing (i - inventory. (/) - cycle)
c - 32 arrows (quivered)
Aim: Menkaure (severely damaged, fast)
You shoot an arrow. The arrow hits Menkaure.
Menkaure shouts, "You disturbed my rest!
Die!"
Menkaure misses you. Menkaure hits you!!
* * * LOW HITPOINT WARNING * * *
Firing (i - inventory. (/) - cycle)
c - 31 arrows (quivered)
Aim: Menkaure (almost destroyed, fast)
You shoot an arrow. The arrow hits Menkaure.
Menkaure hits you but does no damage.
Firing (i - inventory. (/) - cycle)
c - 30 arrows (quivered)
Aim: Menkaure (almost destroyed, fast)
You shoot an arrow. The arrow hits Menkaure.
You destroy Menkaure!
Your base Slings skill increases to level 3!
Your base Dodging skill increases to level 4!
You start resting.
You have got your breath back.
An ice beast comes into view.
Firing (i - inventory. (/) - cycle)
c - 29 arrows (quivered)
Aim: an ice beast (wandering, hasn't noticed you)
You shoot an arrow. The arrow closely misses the ice beast.
Firing (i - inventory. (/) - cycle)
c - 28 arrows (quivered)
Aim: an ice beast You shoot an arrow.
The arrow hits the ice beast but does no damage.
You fail to use your ability.
You breathe a wild blast of lightning!
The zap hits you. You resist.
* * * LOW HITPOINT WARNING * * *
The zap hits you but does no damage. You resist.
The orb of electricity explodes!
The orb of electricity engulfs you! You resist.
You die...
Your body crumbles into a pile of gold.

### #.#######
#...Y.@.#
#(#####$# #.# (#
#.# .# #.# .#
#.# .#
..######.#####.#
........>......#
..#####.########


You could see an ice beast.

Vanquished Creatures
  Menkaure (D:6)
  Duvessa (D:6)
  An orc warrior (D:6)
  An ogre (D:4)
  Dowan (D:6)
  A scorpion (D:6)
  A howler monkey (D:5)
  A centaur zombie (D:5)
  A centaur skeleton (D:5)
  A bullfrog skeleton (D:5)
  A hound (D:4)
  4 orc priests
  2 orc wizards (D:5)
  Crazy Yiuf (D:5)
  Jessica (D:2)
  A worker ant (D:4)
  2 hound skeletons
  4 gnolls (D:2)
  6 adders
  4 white imps
  3 worms
  2 dart slugs
  3 leopard geckos
  12 orcs
  4 giant cockroaches
  8 goblins
  4 hobgoblins (D:1)
  4 jackals (D:1)
  4 quokkas
  8 bats
  4 frilled lizards
  4 kobolds
  A leopard gecko zombie (D:5)
  8 rats
105 creatures vanquished.

Vanquished Creatures (others)
  3 plants (D:5)
3 creatures vanquished.

Grand Total: 108 creatures vanquished

Notes
Turn   | Place    | Note
-------+----------+-------------------------------------------
     0 | D:1      | MalarOregon the Draconian Hunter began the quest for the
                  | Orb.
     0 | D:1      | Reached XP level 1. HP: 17/17 MP: 1/1
   153 | D:1      | Reached XP level 2. HP: 9/25 MP: 2/2
   633 | D:1      | Reached skill level 4 in Bows
  1090 | D:2      | Noticed Jessica
  1098 | D:2      | Killed Jessica
  1098 | D:2      | Reached XP level 3. HP: 30/30 MP: 3/3
  1387 | D:2      | Reached XP level 4. HP: 36/37 MP: 4/4
  1439 | D:2      | Reached skill level 1 in Throwing
  2027 | D:3      | Reached skill level 1 in Slings
  2027 | D:3      | Reached XP level 5. HP: 45/45 MP: 5/5
  2556 | D:4      | Found a hide-covered altar of Uskayaw.
  2557 | D:4      | Noticed a +0 dagger
  2557 | D:4      | Noticed a +0 hand axe
  2700 | D:4      | Found a sparkling altar of Nemelex Xobeh.
  2869 | D:4      | Found a hazy altar of Hepliaklqana.
  2873 | D:4      | Found Dutsugoi's Distillery.
  2876 | D:4      | Noticed an ogre
  2888 | D:4      | Killed an ogre
  2888 | D:4      | Reached skill level 5 in Bows
  2888 | D:4      | Reached XP level 6. HP: 37/51 MP: 6/6
  2981 | D:4      | Bought a potion of curing for 36 gold pieces
  2981 | D:4      | Bought a potion of lignification for 36 gold pieces
  3485 | D:5      | Entered Level 5 of the Dungeon
  3938 | D:5      | Found a staircase to the Ecumenical Temple.
  3952 | Temple   | Entered the Ecumenical Temple
  4162 | D:5      | Your scales start taking on a glossy black colour.
  4162 | D:5      | Reached XP level 7. HP: 58/59 MP: 7/7
  4162 | D:5      | Gained mutation: You are resistant to electric shocks.
                  | (rElec) [Black Draconian growth]
  4314 | D:5      | Found a runed translucent door.
  4315 | D:5      | Noticed Crazy Yiuf
  4706 | D:5      | Killed Crazy Yiuf
  4847 | Temple   | Became a worshipper of Gozag Ym Sagoz the Greedy
  5045 | D:6      | Found a sparkling altar of Nemelex Xobeh.
  5056 | D:6      | Noticed Dowan
  5073 | D:6      | Reached skill level 6 in Bows
  5076 | D:6      | Noticed Duvessa
  5283 | D:6      | Killed Duvessa
  5502 | D:6      | Killed Dowan
  5502 | D:6      | Reached XP level 8. HP: 31/67 MP: 8/8
  5709 | D:6      | Found a glowing silver altar of Zin.
  5747 | D:6      | Noticed Menkaure
  5755 | D:6      | HP: 2/67 [Menkaure (20)]
  5757 | D:6      | Killed Menkaure
  5784 | D:6      | Killed themself with a bounced orb of electricity

Illustrated notes

Levels and vault maps discovered:
D:1:      matt_arrival_los_fun, layout_basic, chequers_jeans
D:2:      layout_loops_ring, uniq_jessica
D:3:      layout_loops_ring
D:4:      layout_basic, overflow_temple_1_default, dancing_weapons_uskayaw,
          nicolae_overflow_crystal_walls, serial_shops, shop_fountains,
          gup_sewer_entry_bubbles
D:5:      layout_cave_pools, minmay_temple_entry_gardened_gates,
          uniq_crazy_yiuf_cottage
D:6:      layout_basic, kennysheep_mini_moat, nemelex_xobeh_ov_fountains_minmay,
          uniq_menkaure, uniq_duvessa
Temple:   nicolae_temple_x_marks_the_god

Skill      XL: |  1  2  3  4  5  6  7  8 |
---------------+-------------------------+-----
Dodging        | 2 3 4 |  4.0
Bows           | 4 5 6 |  6.4
Throwing       | 1 2 3 |  3.2
Fighting       | 3 4 |  4.9
Slings         | 1 2 3 |  3.0
Stealth        | |  0.8

Action                   |  1- 3 |  4- 6 |  7- 9 || total
-------------------------+-------+-------+-------++-------
Melee: Short sword       |    12 |       |       ||    12
       Tailslap          |     2 |       |       ||     2
 Fire: Shortbow          |    73 |   195 |   125 ||   393
Throw: Stone             |    35 |       |       ||    35
 Abil: Breathe Lightning |       |       |     4 ||     4
Armor: Skin              |    15 |    33 |    15 ||    63
Dodge: Dodged            |    52 |    74 |    35 ||   161

Table legend: (Time is in decaauts)
 A = Elapsed time spent in this place.
 B = Non-inter-level travel time spent in this place.
 C = Inter-level travel time spent in this place.
 D = Time resting spent in this place.
 E = Time spent auto-exploring this place.
 F = Levels seen in this place.
 G = Mean time per level.
                   A        B        C        D        E       F      G
               +--------+--------+--------+--------+--------+-----+--------+
         Total |   5841 |   5521 |    320 |    755 |   3749 |   7 |  834.4 |
       Dungeon |   5745 |   5459 |    286 |    755 |   3706 |   6 |  957.5 |
        Temple |     96 |     62 |     34 |      0 |     43 |   1 |   96.0 |
               +--------+--------+--------+--------+--------+-----+--------+

Top non-repeatable levels by time:
     D:4: 1337 daAuts
     D:5: 1103 daAuts
     D:1: 1097 daAuts
     D:6: 738 daAuts
     D:2: 737 daAuts
     D:3: 731 daAuts
  Temple: 96 daAuts
